 Dungeon Crawl Stone Soup version 0.29-a0-384-g6960b1960d (webtiles) character file.

Game seed: 18396319872213722355

75 NinjaNoafa the Skirmisher (level 4, -15/61 HPs)
             Began as a Minotaur Fighter on May 6, 2022.
             Killed by an exploding adder (34 damage)
             ... ignited by their inner flame
             ... on level 3 of the Dungeon.
             The game lasted 00:02:24 (1397 turns).

NinjaNoafa the Skirmisher (Minotaur Fighter)        Turns: 1397, Time: 00:02:25

Health: -15/61     AC: 22    Str: 23    XL:     4   Next: 11%
Magic:  3/3        EV:  2    Int:  5    God:
Gold:   1024       SH:  4    Dex:  9    Spells: 3/3 levels left

rFire   . . .      SeeInvis .   a - +0 war axe (freeze)
rCold   . . .      Faith    .   c - +0 buckler
rNeg    . . .      Spirit   .   (body armour currently unavailable)
rPois   +          Reflect  .   (helmet currently unavailable)
rElec   .          Harm     .   (cloak currently unavailable)
rCorr   .          Rampage  .   (gloves currently unavailable)
Will    .....      NoTele   +   (boots currently unavailable)
Stlth   +.........              (no amulet)
HPRegen 0.20/turn               (no ring)
MPRegen 0.08/turn               (no ring)

@: tree-form (expiring)
A: stationary, stasis, torment immunity, boosted hp, (horns 2), (retaliatory
headbutt)
a: no special abilities


You were on level 3 of the Dungeon.
You were a tree.
You visited 1 branch of the dungeon, and saw 3 of its levels.

You collected 1024 gold pieces.

Inventory:

Hand Weapons
 a - a +0 war axe of freezing (weapon)
Armour
 b - a +0 scale mail (melded)
 c - a +0 buckler (worn)
Scrolls
 e - a scroll of immolation
 i - a scroll of teleportation
Potions
 j - a potion of lignification


   Skills:
 * Level 4.4 Fighting
 + Level 3.5 Axes
 * Level 4.4 Armour
 - Level 4.0 Shields


You had 3 spell levels left.
You didn't know any spells.
Your spell library was empty.

Dungeon Overview and Level Annotations

Branches:
Dungeon (3/15)

Altars:
Fedhas


Innate Abilities, Weirdness & Mutations

You are a tree.
Your roots penetrate the ground, keeping you stationary.
You cannot be teleported.
You are immune to unholy pain and torment.
Your maximum health is greatly increased.
Your equipment is partially melded.
((You have a pair of horns on your head.))
((You reflexively headbutt those who attack you in melee.))


Message History

You block the adder's attack.
As you read the scroll labelled NOURPH JITATAIL, it crumbles to dust.
It is a scroll of identify.
l - a scroll of poison The adder bites you but does no damage.
Okay, then.
Okay, then.
The air fills with toxic fumes!
As you read the scroll of poison, it crumbles to dust.
The adder bites you but does no damage. x2
The adder bites you but does no damage. The adder bites you.
Your transformation is almost over.
The adder barely misses you.
The adder bites you but does no damage. x2
Okay, then.
The adder bites you but does no damage. The adder bites you but does no damage.
An endoplasm comes into view.
The endoplasm quivers.
The adder bites you but does no damage. x2
The adder bites you but does no damage. The adder bites you but does no damage.
The orc priest mumbles some strange prayers to Beogh against you.
Beogh smites you! The adder bites you but does no damage.
The orc priest casts a cantrip, but nothing happens.
You block the endoplasm's attack. The adder bites you but does no damage.
You slash the endoplasm! You freeze the endoplasm.
You kill the endoplasm!
You hit the adder.
Flame seeps out of the adder.
You freeze the adder.
Flame seeps out of the adder.
The adder is engulfed in blazing flames.
The adder explodes!
The fiery explosion engulfs the orc priest!!
The fiery explosion engulfs something!!!
Reactivating autopickup.
You feel a bit more experienced. The fiery explosion engulfs you!!
Ouch! That really hurt!
You die...

... #. #.. ... # ##. ...
#. #.# ## ####.# #
#☼°..# ######## #.##.##
#......#
#○###.#○○§####......#
#§○♣..§_○§§......<.#
°°○ro)####..§#§##......#
#§○So ##.##.##......#
#°○§ #....####.#... #..
#.#### #.#... #. #.#
#.#... # ... #.#... ...
#.#... #.#...


You could see an adder, 2 orcs and a rat (inner flame).

Vanquished Creatures
  An orc priest (D:3)
  An orc wizard (D:3)
  Robin (D:2)
  An adder (D:3)
  A worm (D:3)
  4 dart slugs (D:1)
  An orc (D:3)
  An endoplasm (D:3)
  A giant cockroach (D:1)
  11 goblins
  8 hobgoblins
  3 jackals (D:1)
  2 kobolds
  5 ball pythons
  5 bats
  4 frilled lizards
  3 rats (D:1)
53 creatures vanquished.

Notes
Turn   | Place    | Note
-------+----------+-------------------------------------------
     0 | D:1      | NinjaNoafa the Minotaur Fighter began the quest for the
                  | Orb.
     0 | D:1      | Reached XP level 1. HP: 19/19 MP: 0/0
    46 | D:1      | Noticed a shining eye
    51 | D:1      | Noticed a shining eye
    53 | D:1      | Found a faded altar of an unknown god.
    55 | D:1      | Noticed an eye of devastation
    55 | D:1      | Noticed a shining eye
   243 | D:1      | Reached XP level 2. HP: 27/27 MP: 1/1
   584 | D:2      | Noticed Robin
   588 | D:2      | Reached XP level 3. HP: 30/33 MP: 2/2
   592 | D:2      | Killed Robin
  1073 | D:2      | Reached XP level 4. HP: 41/41 MP: 3/3
  1350 | D:3      | Found a blossoming altar of Fedhas.
  1382 | D:3      | Identified a scroll of acquirement
  1382 | D:3      | Acquired 950 gold pieces
  1397 | D:3      | Killed by an exploding adder... ignited by their inner
                  | flame

Illustrated notes

Levels and vault maps discovered:
D:1:      eino_arrival_cavern_b, layout_basic,
          hellmonk_ecumenical_altar_watching_god, minmay_tree_intersection
D:2:      layout_loops_cross, uniq_robin
D:3:      layout_basic, vehumet_statue, nicolae_overflow_crystal_walls,
          roderic_roman_lattice

Skill      XL: |  1  2 |
---------------+-------+-----
Fighting       | 4 |  4.4
Axes           | 3 |  3.5
Armour         | 4 |  4.4
Shields        | 4 |  4.0

Action                   |  1- 3 |  4- 6 || total
-------------------------+-------+-------++-------
Melee: War axe           |    64 |    21 ||    85
       Headbutt          |    12 |     2 ||    14
  Use: Potion            |     1 |     3 ||     4
       Scroll            |       |     7 ||     7
Armor: Scale mail        |    39 |     1 ||    40
       Skin              |       |    31 ||    31
Dodge: Dodged            |    37 |    10 ||    47
Block: Buckler           |    11 |     8 ||    19

Table legend: (Time is in decaauts)
 A = Elapsed time spent in this place.
 B = Non-inter-level travel time spent in this place.
 C = Inter-level travel time spent in this place.
 D = Time resting spent in this place.
 E = Time spent auto-exploring this place.
 F = Levels seen in this place.
 G = Mean time per level.
                   A        B        C        D        E       F      G
               +--------+--------+--------+--------+--------+-----+--------+
         Total |   1429 |   1384 |     45 |      0 |   1105 |   3 |  476.3 |
       Dungeon |   1429 |   1384 |     45 |      0 |   1105 |   3 |  476.3 |
               +--------+--------+--------+--------+--------+-----+--------+

Top non-repeatable levels by time:
     D:2: 665 daAuts
     D:1: 594 daAuts
     D:3: 168 daAuts
